 Dungeon Crawl Stone Soup version 0.31-a0-986-g5e6e4ef867 (webtiles) character file.

Game seed: 2310070095992045755

83 hikkokomori the Digger (level 4, -2/26 HPs)
             Began as a Gargoyle Earth Elementalist on Nov 4, 2023.
             Slain by Sigmund
             ... wielding a +0 scythe
              (9 damage)
             ... on level 3 of the Dungeon.
             The game lasted 00:02:07 (2053 turns).

hikkokomori the Digger (GrEE)                       Turns: 2053, Time: 00:02:07

Health: -2/26      AC:  9    Str: 13    XL:     4   Next: 44%
Magic:  2/8        EV: 10    Int: 16    God:
Gold:   93         SH:  0    Dex: 10    Spells: 7/8 levels left

rFire   . . .        e - +2 mace (protect)
rCold   . . .        (no shield)
rNeg    + . .        i - +0 ring mail
rPois   ∞            (no helmet)
rElec   +            h - +0 cloak
rCorr   .            (no gloves)
SInv    .            (no boots)
Will    .....        (no amulet)
Stlth   +            (no ring)
HPRegen 0.24/turn    (no ring)
MPRegen 0.11/turn

%: no passive effects
@: very slightly contaminated
A: sickness immunity, AC +3, negative energy resistance 1, electricity
resistance, torment resistance 1, petrification resistance
a: no special abilities


You were on level 3 of the Dungeon.
You visited 1 branch of the dungeon, and saw 3 of its levels.

You collected 93 gold pieces.

Inventory:

Hand Weapons
 e - a +2 mace of protection (weapon)
Armour
 a - a +0 robe
 h - a +0 cloak (worn)
 i - a +0 ring mail (worn)
Scrolls
 d - 4 scrolls of identify {unknown}
 f - a scroll of poison {unknown}
 g - 2 scrolls of immolation {unknown}
 j - a scroll of teleportation {unknown}
 k - a scroll of brand weapon {unknown}
 l - a scroll of fear {unknown}
 n - a scroll of blinking {unknown}
Potions
 b - a potion of magic
 c - a potion of berserk rage {unknown}
 m - a potion of heal wounds {unknown}
 o - a potion of enlightenment {unknown}


   Skills:
 + Level 2.2 Fighting
 - Level 1.5 Dodging
 - Level 2.2 Stealth
 + Level 2.9 Spellcasting
 - Level 0.7 Transmutations
 + Level 4.6 Earth Magic


You had 7 spell levels left.
You knew the following spells:

 Your Spells              Type           Power      Damage    Failure   Level
a - Sandblast             Erth           34%        2d9       6%          1

Your spell library contained the following spells:

 Spells                   Type           Power      Damage    Failure   Level
 Passwall                 Tmut/Erth      8%         N/A       21%         2
 Stone Arrow              Conj/Erth      18%        3d8       43%         3
 Petrify                  Tmut/Erth      10%        N/A       80%         4
 Brom's Barrelling Bould  Conj/Erth      9%         2d3       85%         4


Dungeon Overview and Level Annotations

Branches:
Dungeon (3/15)

Altars:
Nemelex Xobeh

Annotations:
D:3 Sigmund


Innate Abilities, Weirdness & Mutations

You are immune to sickness and miasma.
Your stone body is resilient. (AC +3)
You are immune to poison.
You resist negative energy. (rN+)
You are resistant to electric shocks. (rElec)
You are resistant to unholy torment.
You are immune to petrification.


Message History

Casting: Sandblast (safe; 6% risk of failure)
Confirm with . or Enter, or press ? or * to list all spells.
You can't see any susceptible monsters within range! (Use Z to cast anyway.) Unknown command.
Casting: Sandblast (safe; 6% risk of failure)
Confirm with . or Enter, or press ? or * to list all spells.
Aiming: Sandblast (safe; 6% risk of failure)
Press: ? - help, Shift-Dir - straight line The blast of sand hits something!
Something hits you.
Unknown command.
Unknown command.
Casting: Sandblast (safe; 6% risk of failure)
Confirm with . or Enter, or press ? or * to list all spells.
Aiming: Sandblast (safe; 6% risk of failure)
Press: ? - help, Shift-Dir - straight line The blast of sand hits something.
Something hits you.
Unknown command.
Casting: Sandblast (safe; 6% risk of failure)
Confirm with . or Enter, or press ? or * to list all spells.
Aiming: Sandblast (safe; 6% risk of failure)
Press: ? - help, Shift-Dir - straight line The blast of sand hits something.
Something hits you but does no damage.
Unknown command.
Casting: Sandblast (safe; 6% risk of failure)
Confirm with . or Enter, or press ? or * to list all spells.
Aiming: Sandblast (safe; 6% risk of failure)
Press: ? - help, Shift-Dir - straight line You miscast Sandblast.
You are very lightly contaminated with residual magic.
Nothing appears to happen.
Something hits you.
* * * LOW HITPOINT WARNING * * *
Unknown command.
Unknown command.
Unknown command.
Casting: Sandblast (safe; 6% risk of failure)
Confirm with . or Enter, or press ? or * to list all spells.
Aiming: Sandblast (safe; 6% risk of failure)
Press: ? - help, Shift-Dir - straight line The blast of sand hits something.
Something hits you!
You die...

####.....######.#...
####.......###.#...
...................
#######.####.#.####
####### #..........
# .......
#........#.##
.......
#.....####.##
......)#####.....#
##
.....<.@.........# #
.......#.........#
......{#.####....#
.......#.# #....#
########.# ....# #.#
.....# #.. #....#
#.. ....# +...


There were no monsters in sight!

Vanquished Creatures
  An adder (D:2)
  3 gnolls (D:2)
  2 dart slugs
  2 endoplasms (D:1)
  2 giant cockroaches (D:1)
  5 goblins
  4 hobgoblins
  A quokka (D:2)
  7 ball pythons
  6 bats
  3 frilled lizards
  3 kobolds
  4 rats
43 creatures vanquished.

Notes
Turn   | Place    | Note
-------+----------+-------------------------------------------
     0 | D:1      | hikkokomori the Gargoyle Earth Elementalist began the quest
                  | for the Orb.
     0 | D:1      | Reached XP level 1. HP: 10/10 MP: 3/3
   137 | D:1      | Reached XP level 2. HP: 16/16 MP: 3/5
   374 | D:1      | Reached skill level 1 in Fighting
   374 | D:1      | Reached skill level 4 in Earth Magic
  1009 | D:2      | Reached XP level 3. HP: 18/20 MP: 4/6
  1083 | D:2      | Reached XP level 4. HP: 11/26 MP: 4/8
  1969 | D:3      | Found a sparkling altar of Nemelex Xobeh.
  2045 | D:3      | Noticed Sigmund
  2053 | D:3      | Slain by Sigmund

Illustrated notes

Levels and vault maps discovered:
D:1:      minmay_arrival_arboretum_small, layout_basic
D:2:      layout_basic
D:3:      layout_basic, nemelex_diamond_rough_becter, uniq_sigmund

Skill      XL: |  1  2  3 |
---------------+----------+-----
Fighting       | 1 2 |  2.2
Earth Magic    | 4 |  4.6
Dodging        | |  1.5
Stealth        | |  2.2
Spellcasting   | |  2.9
Transmutations | |  0.7

Action                     |  1- 3 |  4- 6 || total
---------------------------+-------+-------++-------
  Melee: Mace              |    12 |     6 ||    18
   Cast: Sandblast         |    32 |    28 ||    60
 Armour: Robe              |    26 |       ||    26
         Ring mail         |       |    25 ||    25
  Dodge: Dodged            |    22 |     4 ||    26

Table legend: (Time is in decaauts)
 A = Elapsed time spent in this place.
 B = Non-inter-level travel time spent in this place.
 C = Inter-level travel time spent in this place.
 D = Time resting spent in this place.
 E = Time spent auto-exploring this place.
 F = Levels seen in this place.
 G = Mean time per level.
                   A        B        C        D        E       F      G
               +--------+--------+--------+--------+--------+-----+--------+
         Total |   2090 |   2010 |     80 |     97 |   1652 |   3 |  696.7 |
       Dungeon |   2090 |   2010 |     80 |     97 |   1652 |   3 |  696.7 |
               +--------+--------+--------+--------+--------+-----+--------+

Top non-repeatable levels by time:
     D:1: 1065 daAuts
     D:2: 868 daAuts
     D:3: 156 daAuts
